 Dungeon Crawl Stone Soup version 0.32-a0-19-g28bc083 (webtiles) character file.

Game seed: 2510527891375138955

19 Zigger the Firebug (level 2, -3/19 HPs)
             Began as a Demonspawn Fire Elementalist on Jan 17, 2024.
             Slain by a ribbon worm (4 damage)
             ... on level 1 of the Dungeon.
             The game lasted 00:02:20 (1352 turns).

Zigger the Firebug (Demonspawn Fire Elementalist)   Turns: 1352, Time: 00:02:21

Health: -3/19      AC:  2    Str:  6 (8)  XL:     2   Next: 55%
Magic:  0/5        EV: 12    Int: 14 (15) God:
Gold:   40         SH:  4    Dex: 12 (13) Spells: 2/5 levels left

rFire   . . .        c - +0 dagger
rCold   . . .        (no shield)
rNeg    . . .        a - +0 robe
rPois   .            (no helmet)
rElec   .            (no cloak)
rCorr   .            (no gloves)
SInv    .            (no boots)
Will    .....        (no amulet)
Stlth   ++           (no ring)
HPRegen 0.23/turn    (no ring)
MPRegen 0.09/turn

%: no passive effects
@: no status effects
A: condensation shield
a: no special abilities


You were on level 1 of the Dungeon.
You visited 1 branch of the dungeon, and saw 2 of its levels.

You collected 40 gold pieces.

Inventory:

Hand Weapons
 c - a +0 dagger (weapon)
Armour
 a - a +0 robe (worn)
Scrolls
 e - a scroll of identify
Potions
 b - a potion of magic


   Skills:
 + Level 1.7 Dodging
 + Level 1.8 Stealth
 * Level 2.1 Spellcasting
 * Level 1.5 Conjurations
 * Level 3.2 Fire Magic


You had 2 spell levels left.
You knew the following spells:

 Your Spells              Type           Power      Damage    Failure   Level
a - Foxfire               Conj/Fire      32%        2x1d5     9%          1
b - Scorch                Fire           20%        2d5       10%         2

Your spell library contained the following spells:

 Spells                   Type           Power      Damage    Failure   Level
 Inner Flame              Hex/Fire       6%         N/A       36%         3
 Volatile Blastmotes      Fire/Tloc      12%        2d11      36%         3
 Flame Wave               Conj/Fire      8%         2d5       65%         4


Dungeon Overview and Level Annotations

Branches:
Dungeon (2/15)

Altars:

Shops:
D:1 [


Innate Abilities, Weirdness & Mutations

A meltable shield of frost defends you. (SH +4)


Message History

The ribbon worm's fire resistance burns away.
Unknown command.
Unknown command.
You hit the ribbon worm.
The ribbon worm is severely wounded.
The ribbon worm bites you.
* * * LOW HITPOINT WARNING * * *
You barely miss the ribbon worm.
The ribbon worm is severely wounded.
The ribbon worm expels a string of sticky webbing.
The stream of webbing misses you.
Your magical contamination has completely faded away.
You hit the ribbon worm.
The ribbon worm is severely wounded.
Casting: Scorch (safe; 10% risk of failure)
Confirm with . or Enter, or press ? or * to list all spells.
You don't have enough magic to cast this spell.
Casting: Scorch (safe; 10% risk of failure)
Confirm with . or Enter, or press ? or * to list all spells.
You conjure some foxfire!
The ribbon worm bites you.
* * * LOW HITPOINT WARNING * * *
The ribbon worm is no longer more vulnerable to fire.
The foxfire hits the ribbon worm.
The ribbon worm is severely wounded.
The foxfire hits the ribbon worm.
The ribbon worm is almost dead.
Unknown command.
You hit the ribbon worm but do no damage.
The ribbon worm is almost dead.
The ribbon worm barely misses you.
You hit the ribbon worm.
The ribbon worm is almost dead.
The ribbon worm bites you.
* * * LOW HITPOINT WARNING * * *
You barely miss the ribbon worm.
The ribbon worm is almost dead.
You hit the ribbon worm.
The ribbon worm is almost dead.
The ribbon worm bites you.
You die...

#......######
#...........#
###########.###...###.#
#.......##.........##.#
#.#####.##..###....##.#
#.##........###....##.#
#.##.##.###....)......#
#.##....##########.####
#.>..w@.#8......_#....#
######.##........####.#
#...8.......# #.#
#..[....)..÷# #.#
#∩..8......÷# #.#
#....8.8...#####.# #####
#........##......# #...#
#........##.###..#
###...###........##.#....#


You could see a ribbon worm.

Vanquished Creatures
  2 ball pythons (D:1)
  An endoplasm (D:1)
  3 hobgoblins (D:1)
  2 jackals (D:1)
  2 bats (D:1)
  A frilled lizard (D:1)
  5 goblins (D:1)
  2 kobolds (D:1)
18 creatures vanquished.

Vanquished Creatures (others)
  70 foxfires
70 creatures vanquished.

Grand Total: 88 creatures vanquished

Notes
Turn   | Place    | Note
-------+----------+-------------------------------------------
     0 | D:1      | Zigger the Demonspawn Fire Elementalist began the quest for
                  | the Orb.
     0 | D:1      | Reached XP level 1. HP: 13/13 MP: 3/3
   207 | D:1      | Reached skill level 3 in Fire Magic
   260 | D:1      | Gained mutation: A meltable shield of frost defends you.
                  | (SH +4) [demonic ancestry]
   260 | D:1      | Reached XP level 2. HP: 19/19 MP: 0/5
   263 | D:1      | Learned a level 2 spell: Scorch
   739 | D:1      | Found Fusho's Antique Armour Emporium.
   781 | D:1      | Found a faded altar of an unknown god.
  1352 | D:1      | Slain by a ribbon worm

Illustrated notes

Levels and vault maps discovered:
D:1:      evilmike_arrival_crescent, layout_loops_cross, serial_shops, shop,
          shapermc_ecumenical_altar_pompeii
D:2:      layout_rooms, kennysheep_generic_room_9

Skill      XL: |  1 |
---------------+----+-----
Fire Magic     | 3 |  3.2
Dodging        | |  1.7
Stealth        | |  1.8
Spellcasting   | |  2.1
Conjurations   | |  1.5

Action                     || total
---------------------------++-------
  Melee: Dagger            ||    28
   Cast: Foxfire           ||    44
         Scorch            ||     2
    Use: Scroll            ||     3
         Potion            ||     4
 Armour: Robe              ||    18
  Dodge: Dodged            ||    27
  Block: Other             ||     2

Table legend: (Time is in decaauts)
 A = Elapsed time spent in this place.
 B = Non-inter-level travel time spent in this place.
 C = Inter-level travel time spent in this place.
 D = Time resting spent in this place.
 E = Time spent auto-exploring this place.
 F = Levels seen in this place.
 G = Mean time per level.
                   A        B        C        D        E       F      G
               +--------+--------+--------+--------+--------+-----+--------+
         Total |   1354 |   1342 |     12 |      0 |   1142 |   2 |  677.0 |
       Dungeon |   1354 |   1342 |     12 |      0 |   1142 |   2 |  677.0 |
               +--------+--------+--------+--------+--------+-----+--------+

Top non-repeatable levels by time:
     D:1: 1351 daAuts
     D:2: 3 daAuts
